 Dungeon Crawl Stone Soup version 0.30-a0-930-gb9d0489357 (webtiles) character file.

Game seed: 4580422340828507972

41 retardedninja the Covered (level 3, -4/33 HPs)
             Began as an Armataur Fighter on Mar 23, 2023.
             Splashed by a jelly's acid (7 damage)
             ... on level 2 of the Dungeon.
             The game lasted 00:01:12 (1013 turns).

retardedninja the Covered (Armataur Fighter)        Turns: 1013, Time: 00:01:13

Health: -4/33      AC: -4    Str: 23    XL:     3   Next: 32%
Magic:  3/3        EV:  7    Int:  8    God:
Gold:   63         SH:  4    Dex:  9    Spells: 2/2 levels left

rFire   . . .      SeeInvis .    a - +0 war axe
rCold   . . .      Faith    .    c - +0 buckler
rNeg    . . .      Spirit   .    b - +0 scale mail
rPois   .          Reflect  .    (no helmet)
rElec   .          Roll     +    (no cloak)
rCorr   .                        (no gloves)
Will    .....                    (no barding) Stlth
                                 (no amulet)
HPRegen 0.25/turn                (no ring)
MPRegen 0.08/turn                (no ring)

@: corroded
A: large, rugged brown scales 3, deformed body, armoured tail, roll, long
tongue, awkward tongue
a: no special abilities


You were on level 2 of the Dungeon.
You visited 1 branch of the dungeon, and saw 2 of its levels.

You collected 63 gold pieces.

Inventory:

Hand Weapons
 a - a +0 war axe (weapon)
Armour
 b - a +0 scale mail (worn)
 c - a +0 buckler (worn)
Scrolls
 f - 2 scrolls of identify {unknown}
 i - a scroll of blinking {unknown}
Potions
 d - a potion of might
 e - a potion of resistance {unknown}
 g - a potion of degeneration {unknown}
 h - a potion of cancellation {unknown}
 j - 2 potions of attraction {unknown}


   Skills:
 + Level 3.1 Fighting
 + Level 2.0 Axes
 + Level 4.2 Armour
 + Level 3.7 Shields


You had 2 spell levels left.
You didn't know any spells.
Your spell library was empty.

Dungeon Overview and Level Annotations

Branches:
Dungeon (2/15)

Altars:


Innate Abilities, Weirdness & Mutations

You are completely covered in rugged brown scales. (AC +3, +7% HP)
Armour fits poorly on your strangely shaped body.
You have a long armoured tail.
You roll when moving toward enemies. (Rampage)
Your long tongue fully drains potion bottles. (2x potion effects)
Your tongue gives you trouble enunciating. (1.5x scroll delay)


Message History

Unknown command.
The endoplasm attacks as you move away! The endoplasm closely misses you.
The endoplasm attacks as you move away!
The endoplasm hits you but does no damage.
The endoplasm attacks as you move away!
The endoplasm hits you but does no damage.
You see here a +0 dagger.
You barely miss the endoplasm. You tail-slap the endoplasm!
You kill the endoplasm!
You hit the endoplasm.
You kill the endoplasm!
You hit the endoplasm.
The endoplasm is lightly wounded.
You block the endoplasm's attack.
You barely miss the endoplasm.
The endoplasm is lightly wounded.
The endoplasm barely misses you.
The endoplasm hits you but does no damage.
You hit the endoplasm.
You tail-slap the endoplasm, but do no damage.
The endoplasm is almost dead.
The endoplasm freezes you.
You are frozen.
You slash the endoplasm!
You kill the endoplasm!
The endoplasm hits you but does no damage.
You slash the endoplasm!
You kill the endoplasm!
You roll towards the jelly!
You hit the jelly.
Your hands burn!
The jelly is lightly wounded.
The jelly completely misses you.
You hit the jelly. The acid corrodes you!
Your hands burn!
You tail-slap the jelly.
The jelly is heavily wounded.
The jelly hits you. The acid corrodes you!
You are splashed with acid.
* * * LOW HITPOINT WARNING * * *
The jelly hits you.
* * * LOW HITPOINT WARNING * * *
The acid corrodes you!
You are splashed with acid!
You die...

##########
#.P.P...P!
#.P...÷.P.
#÷P.P÷..P.
#...PJP.PJ
#.J.PJP...
#.J.JJ÷.P.
#J#######
##J@)...##
########.#
#....'..##
#....#### ##
#.
#.......##.#
#.
#.......##.#
#.
#.......##.#
#.#
#..)))..##.#
##.####
##..)..###.#
#...#.#


You could see a jelly and an endoplasm.

Vanquished Creatures
  A dart slug (D:1)
  3 ball pythons (D:1)
  8 endoplasms
  A giant cockroach (D:1)
  A goblin (D:1)
  3 hobgoblins (D:1)
  8 kobolds
  5 bats
  A frilled lizard (D:1)
  A rat (D:1)
  A toadstool (D:2)
33 creatures vanquished.

Vanquished Creatures (others)
  3 fungi (D:2)
  2 toadstools (D:2)
5 creatures vanquished.

Grand Total: 38 creatures vanquished

Notes
Turn   | Place    | Note
-------+----------+-------------------------------------------
     0 | D:1      | retardedninja the Armataur Fighter began the quest for the
                  | Orb.
     0 | D:1      | Reached XP level 1. HP: 19/19 MP: 1/1
   116 | D:1      | Reached XP level 2. HP: 26/26 MP: 2/2
   530 | D:1      | Reached skill level 4 in Armour
   953 | D:2      | Reached XP level 3. HP: 33/33 MP: 3/3
  1013 | D:2      | Splashed by a jelly's acid

Illustrated notes

Levels and vault maps discovered:
D:1:      nicolae_arrival_somewhat_less_tricky_arrival, layout_basic,
          corexii_hall_statues_u
D:2:      cheibrodos_fertilizer, layout_loops_corners

Skill      XL: |  1  2 |
---------------+-------+-----
Armour         | 4 |  4.2
Fighting       | 3 |  3.1
Axes           | 2 |  2.0
Shields        | |  3.7

Action                     || total
---------------------------++-------
  Melee: War axe           ||    71
         Tailslap          ||    10
 Armour: Scale mail        ||    40
  Dodge: Dodged            ||    20
  Block: Buckler           ||    14

Table legend: (Time is in decaauts)
 A = Elapsed time spent in this place.
 B = Non-inter-level travel time spent in this place.
 C = Inter-level travel time spent in this place.
 D = Time resting spent in this place.
 E = Time spent auto-exploring this place.
 F = Levels seen in this place.
 G = Mean time per level.
                   A        B        C        D        E       F      G
               +--------+--------+--------+--------+--------+-----+--------+
         Total |   1044 |   1033 |     11 |      0 |    854 |   2 |  522.0 |
       Dungeon |   1044 |   1033 |     11 |      0 |    854 |   2 |  522.0 |
               +--------+--------+--------+--------+--------+-----+--------+

Top non-repeatable levels by time:
     D:1: 943 daAuts
     D:2: 100 daAuts
